 Dungeon Crawl Stone Soup version 0.28-a0-589-g333b8329f1 (webtiles) character file.

Game seed: 5446220858274007876

112 iamoutofideas the Chopper (level 4, 0/57 HPs)
             Began as a Hill Orc Gladiator on Oct 4, 2021.
             Slain by Crazy Yiuf (9 damage)
             ... on level 3 of the Dungeon.
             The game lasted 00:02:50 (3101 turns).

iamoutofideas the Chopper (Hill Orc Gladiator)      Turns: 3101, Time: 00:02:52

Health: 0/57       AC: 22    Str: 17    XL:     4   Next: 93%
Magic:  4/4        EV:  2    Int:  8    God:
Gold:   220        SH:  0    Dex: 12    Spells: 3/3 levels left

rFire   . . .      SeeInvis .   a - +0 war axe
rCold   . . .      Faith    .   (no shield)
rNeg    + . .      Spirit   .   (armour currently unavailable)
rPois   +          Reflect  .   (helmet currently unavailable)
rElec   .          Harm     .   (cloak currently unavailable)
rCorr   .          Rampage  .   (gloves currently unavailable)
Will    .....      NoTele   +   (boots currently unavailable)
Stlth   +.........              (no amulet)
HPRegen 0.19/turn               j - ring of positive energy
MPRegen 0.09/turn               (no ring)

@: tree-form
A: stationary, stasis, torment immunity, boosted hp
a: no special abilities


You were on level 3 of the Dungeon.
You were a tree.
You visited 1 branch of the dungeon, and saw 3 of its levels.

You collected 220 gold pieces.

Inventory:

Hand Weapons
 a - a +0 war axe (weapon)
Missiles
 d - 3 throwing nets (quivered)
Armour
 b - a +0 leather armour
 c - a +0 helmet (melded)
 k - a +0 chain mail
 l - a +0 scale mail (melded)
Jewellery
 i - a ring of willpower
 j - a ring of positive energy (left branch)
Wands
 p - a wand of acid (6)
Scrolls
 e - a scroll of magic mapping {unknown}
 f - a scroll of blinking {unknown}
 g - a scroll of identify {unknown}
 h - a scroll of teleportation {unknown}
 m - a scroll of fog {unknown}
 o - a scroll of silence {unknown}
 q - a scroll of acquirement {unknown}


   Skills:
 + Level 3.1 Fighting
 * Level 6.6 Axes
 - Level 1.8 Throwing
 - Level 0.2 Armour
 - Level 2.6 Dodging


You had 3 spell levels left.
You didn't know any spells.
Your spell library was empty.

Dungeon Overview and Level Annotations

Branches:
Dungeon (3/15)

Altars:

Shops:
D:2 :

Annotations:
D:3 Crazy Yiuf


Message History

No reachable target in view!
Could not explore, unopened runed door.
No reachable target in view!
You open the door.
Crazy Yiuf says, "Ice!
Castle bush cower."
Crazy Yiuf barely misses you.
There is an open translucent door here.
You hit Crazy Yiuf.
Crazy Yiuf is moderately wounded.
Crazy Yiuf closely misses you.
You closely miss Crazy Yiuf.
Crazy Yiuf is moderately wounded.
Crazy Yiuf hits you with a +2 quarterstaff of chaos!
Crazy Yiuf freezes you.
You closely miss Crazy Yiuf.
Crazy Yiuf is moderately wounded.
Crazy Yiuf barely misses you.
Crazy Yiuf says, "Goldfish song verde!"
Crazy Yiuf hits you with a +2 quarterstaff of chaos.
You hit Crazy Yiuf but do no damage.
Crazy Yiuf is moderately wounded.
Crazy Yiuf hits you with a +2 quarterstaff of chaos!
* * * LOW HITPOINT WARNING * * *
Crazy Yiuf burns you.
* * * LOW HITPOINT WARNING * * *
You are too injured to fight recklessly!
You are too injured to fight recklessly!
You are too injured to fight recklessly!
You are too injured to fight recklessly!
It was a potion of lignification.
You turn into a tree.
Your +0 helmet melds into your body.
Your +0 scale mail melds into your body.
Your roots penetrate the ground.
Crazy Yiuf hits you but does no damage.
You slash Crazy Yiuf!
Crazy Yiuf is heavily wounded.
Crazy Yiuf says, "Cod!
Mugger wrapper mumblescurry."
Crazy Yiuf hits you with a +2 quarterstaff of chaos.
* * * LOW HITPOINT WARNING * * *
You are electrocuted!
You die...

####.......##.....#
##...........
#.................#
#............
#.#######..########
##.......##..
#.##### #..#
#.......##..
......###### #####
#.......##..
........# #..)#
#...........
........#### #...#
#....##.....
...........# #.g.#
#...........
[..##......# #♣#
#...........
...##......# ♣♣.♣
#...........
...##......# ♣.♣♣
#...........
...##......# ♣♣.♣
#...........
#'#####....# ♣.♣♣
#..(...##### #.#
#....# ♣♣.♣♣
#......# #.# #....#
♣...♣♣ ###....# ###
#.# #....# ♣.)..♣
#....# #.. #.#
###### #.)..#
##.#####.#


You could see Crazy Yiuf.

Vanquished Creatures
  3 gnolls (D:3)
  An adder (D:3)
  A worm (D:3)
  A dart slug (D:1)
  6 orcs (D:3)
  8 ball pythons
  4 endoplasms
  2 giant cockroaches
  6 hobgoblins
  7 jackals
  2 quokkas
  4 bats
  2 frilled lizards
  8 kobolds
  3 rats
58 creatures vanquished.

Vanquished Creatures (others)
  5 fungi
  6 plants (D:2)
  5 toadstools (D:1)
16 creatures vanquished.

Grand Total: 74 creatures vanquished

Notes
Turn   | Place    | Note
-------+----------+-------------------------------------------
     0 | D:1      | iamoutofideas the Hill Orc Gladiator began the quest for
                  | the Orb.
     0 | D:1      | Reached XP level 1. HP: 18/18 MP: 1/1
   272 | D:1      | Reached XP level 2. HP: 25/25 MP: 2/2
   401 | D:1      | You fall into a shaft and drop 1 floor!
   570 | D:2      | Found Sixon's Book Shoppe.
   687 | D:2      | Reached XP level 3. HP: 26/30 MP: 3/3
   688 | D:2      | Reached skill level 5 in Axes
   791 | D:2      | Found a faded altar of an unknown god.
  1525 | D:3      | Reached XP level 4. HP: 19/37 MP: 4/4
  1588 | D:3      | Reached skill level 6 in Axes
  2501 | D:3      | Found a runed translucent door.
  2502 | D:3      | Noticed Crazy Yiuf
  3101 | D:3      | Slain by Crazy Yiuf

Illustrated notes

Levels and vault maps discovered:
D:1:      tarquinn_simple_flora_water_c, layout_basic, minmay_gold_behind_fungi
D:2:      layout_basic, shapermc_ecumenical_altar_mp_urbaneastern, serial_shops,
          shop
D:3:      layout_basic, uniq_crazy_yiuf_cottage

Skill      XL: |  1  2  3  4 |
---------------+-------------+-----
Axes           | 5 6 |  6.6
Fighting       | 3 |  3.1
Throwing       | |  1.8
Armour         | |  0.2
Dodging        | |  2.6

Action                   |  1- 3 |  4- 6 || total
-------------------------+-------+-------++-------
Melee: War axe           |    85 |   100 ||   185
  Use: Potion            |       |     2 ||     2
Armor: Leather armour    |    35 |       ||    35
       Scale mail        |     1 |    53 ||    54
       Skin              |       |     1 ||     1
Dodge: Dodged            |    73 |    67 ||   140

Table legend: (Time is in decaauts)
 A = Elapsed time spent in this place.
 B = Non-inter-level travel time spent in this place.
 C = Inter-level travel time spent in this place.
 D = Time resting spent in this place.
 E = Time spent auto-exploring this place.
 F = Levels seen in this place.
 G = Mean time per level.
                   A        B        C        D        E       F      G
               +--------+--------+--------+--------+--------+-----+--------+
         Total |   3142 |   3013 |    129 |    426 |   2141 |   3 | 1047.3 |
       Dungeon |   3142 |   3013 |    129 |    426 |   2141 |   3 | 1047.3 |
               +--------+--------+--------+--------+--------+-----+--------+

Top non-repeatable levels by time:
     D:3: 1627 daAuts
     D:1: 915 daAuts
     D:2: 600 daAuts
